 Dungeon Crawl Stone Soup version 0.23-a0-171-g5ae17c6 (webtiles) character file.

348339 iamserjio the Sorcerer (level 21, -26/132 HPs)
             Began as a Deep Elf Wanderer on Sept 13, 2018.
             Was the Champion of Dithmenos.
             Killed from afar by a tengu reaver (33 damage)
             ... with a bolt of lightning
             ... on level 2 of the Vaults on Sept 14, 2018.
             The game lasted 04:25:54 (67385 turns).

iamserjio the Sorcerer (Deep Elf Wanderer)         Turns: 67385, Time: 04:25:55

Health: -26/132    AC: 15    Str:  5    XL:     21   Next: 23%
Magic:  7/57       EV: 23    Int: 31    God:    Dithmenos [******]
Gold:   1591       SH:  8    Dex: 15    Spells: 5/63 levels left

rFire    . . .     SeeInvis .   y - staff of energy
rCold    . . .     Gourm    .   z - +3 buckler
rNeg     . . .     Faith    .   I - +2 robe {Archmagi}
rPois    .         Spirit   .   t - +2 hat {MR+}
rElec    .         Reflect  .   m - +2 cloak
rCorr    .         Harm     .   F - +2 pair of gloves
MR       ++++.                  o - +2 pair of boots {Stlth+}
Stlth    +++++.....             x - amulet of magic regeneration
HPRegen  0.32/turn              W - ring of protection from magic
MPRegen  0.60/turn              O - ring of magical power

@: wreathed by umbra
A: no striking features
}: 2/15 runes: decaying, serpentine
a: Shadow Step, Shadow Form, Renounce Religion


You were on level 2 of the Vaults.
You worshipped Dithmenos.
Dithmenos was exalted by your worship.
You were very hungry.

You visited 7 branches of the dungeon, and saw 36 of its levels.

You collected 4447 gold pieces.
You spent 2856 gold pieces at shops.

Inventory:

Hand Weapons
 r - a +9 quick blade of pain
Missiles
 g - 957 arrows
Armour
 m - a +2 cloak (worn)
 o - a +2 pair of boots of stealth (worn)
 t - a +2 hat of magic resistance (worn)
 z - a +3 buckler (worn)
 F - a +2 pair of gloves (worn)
 I - a +2 robe of the Archmagi (worn)
 X - a +1 robe of resistance
Magical Staves
 y - an uncursed staff of energy (weapon)
Jewellery
 d - the amulet "Epyoku" {+Rage rElec Dex+4}
   (You found it on level 9 of the Dungeon)

   [amulet of rage]

   It affects your dexterity (+4).
   It insulates you from electricity.
   It lets you go berserk.
 s - an uncursed ring of resist corrosion
 x - an amulet of magic regeneration (around neck)
 J - an uncursed ring of poison resistance
 M - the amulet "Quant" {Spirit rF++ Str+4 Int+3 Stlth-}
   (You found it on level 3 of the Elven Halls)

   [amulet of guardian spirit]

   It causes incoming damage to be split between your health and magic.
   It affects your strength (+4).
   It affects your intelligence (+3).
   It greatly protects you from fire.
   It makes you less stealthy.
 O - a ring of magical power (right hand)
 P - an uncursed ring of ice
 W - a ring of protection from magic (left hand)
Wands
 l - a wand of iceblast (2)
 D - a wand of acid (12)
 E - a wand of digging (3)
 V - a wand of paralysis (16)
Scrolls
 c - a scroll of identify {@r1}
 i - 5 scrolls of teleportation
 n - 3 scrolls of summoning
 v - 5 scrolls of enchant armour
 G - 9 scrolls of remove curse {@r2}
 L - 2 scrolls of fog
 N - 4 scrolls of fear
 Q - 4 scrolls of magic mapping
 T - 2 scrolls of holy word
 Y - 4 scrolls of immolation
Potions
 b - 8 potions of brilliance
 e - 7 potions of mutation
 h - 8 potions of might
 j - 2 potions of magic
 k - 10 potions of curing {@q1}
 q - a potion of heal wounds
 w - 5 potions of invisibility
 B - 4 potions of haste
 C - 6 potions of lignification
 H - 4 potions of flight
 K - 2 potions of ambrosia
 R - a potion of agility
 S - 3 potions of resistance
 U - 4 potions of cancellation
Miscellaneous
 a - 2 phantom mirrors
 p - a fan of gales
 u - a phial of floods
Comestibles
 f - 36 rations


   Skills:
 - Level 14.0 Fighting
 - Level 1.0 Throwing
 - Level 15.0 Dodging
 - Level 1.2 Stealth
 - Level 4.0 Shields
 + Level 21.8 Spellcasting
 - Level 20.0 Conjurations
 - Level 2.0 Hexes
 - Level 1.9 Charms
 - Level 1.2 Summonings
 - Level 6.0 Necromancy
 - Level 3.0 Translocations
 - Level 4.0 Transmutations
 - Level 6.0 Fire Magic
 - Level 2.1 Ice Magic
 - Level 1.0 Air Magic
 - Level 12.0 Earth Magic
 - Level 1.1 Poison Magic
 - Level 3.0 Invocations
 - Level 12.0 Evocations


You had 5 spell levels left.
You knew the following spells:

 Your Spells              Type           Power        Failure   Level  Hunger
a - Animate Dead          Necr           N/A          1%          4    None
b - Blink                 Tloc           N/A          1%          2    None
c - Fulminant Prism       Conj/Hex       ########..   1%          4    None
d - Mephitic Cloud        Conj/Pois/Air  #######.     1%          3    None
e - Conjure Flame         Conj/Fire      ########     0%          3    None
f - Sticks to Snakes      Tmut           ######..     1%          2    None
g - Passwall              Tmut/Erth      #######.     1%          2    None
h - Stone Arrow           Conj/Erth      ######       0%          3    None
i - Animate Skeleton      Necr           N/A          1%          1    None
j - Regeneration          Chrm/Necr      ######....   1%          3    None
k - Ozocubu's Armour      Chrm/Ice       ######..     1%          3    None
l - Lee's Rapid Deconstr  Erth           ########..   1%          5    None
m - Vampiric Draining     Necr           #######...   1%          3    None
n - Apportation           Tloc           ######       1%          1    None
o - Orb of Destruction    Conj           ########..   1%          7    None
p - Passage of Golubria   Tloc           N/A          2%          4    None
q - Sublimation of Blood  Necr           #######...   1%          2    None
r - Summon Butterflies    Summ           ######..     1%          1    None
s - Dispel Undead         Necr           #######.     2%          5    None

Your spell library contained the following spells:

 Spells                   Type           Power        Failure   Level  Hunger
 Magic Dart               Conj           ####         0%          1    None
 Sandblast                Erth           ######       0%          1    None
 Shock                    Conj/Air       ####         0%          1    None
 Sting                    Conj/Pois      ####         0%          1    None
 Searing Ray              Conj           ######       0%          2    None
 Throw Frost              Conj/Ice       ######       0%          2    None
 Iskenderun's Mystic Bla  Conj           ########     0%          4    None
 Confusing Touch          Hex            ######       1%          1    None
 Freeze                   Ice            ####         1%          1    None
 Pain                     Necr           ####         1%          1    None
 Summon Small Mammal      Summ           ####         1%          1    None
 Call Imp                 Summ           ######..     1%          2    None
 Corpse Rot               Necr           N/A          1%          2    None
 Slow                     Hex            ######..     1%          2    None
 Swiftness                Chrm/Air       ######..     1%          2    None
 Dazzling Spray           Conj/Hex       ######       1%          3    None
 Ignite Poison            Fire/Tmut/Pois ######..     1%          3    None
 Lesser Beckoning         Tloc           ######....   1%          3    None
 Static Discharge         Conj/Air       #######.     1%          3    None
 Teleport Other           Tloc           ######..     1%          3    None
 Tukima's Dance           Hex            ######..     1%          3    None
 Force Lance              Conj/Tloc      ########     1%          4    None
 Leda's Liquefaction      Hex/Erth       #######...   1%          4    None
 Petrify                  Tmut/Erth      #######.     1%          4    None
 Sticky Flame             Conj/Fire      ########     1%          4    None
 Throw Icicle             Conj/Ice       ########     1%          4    None
 Bolt of Draining         Conj/Necr      ########..   1%          5    None
 Bolt of Magma            Conj/Fire/Erth ########..   1%          5    None
 Irradiate                Conj/Tmut      ########..   1%          5    None
 Lightning Bolt           Conj/Air       #######...   1%          5    None
 Ice Form                 Ice/Tmut       ######..     2%          4    None
 Agony                    Necr           #######.     2%          5    None
 Summon Ice Beast         Ice/Summ       ######..     4%          4    None
 Excruciating Wounds      Chrm/Necr      ######....   5%          5    None
 Airstrike                Air            ######....   6%          4    None
 Alistair's Intoxication  Tmut/Pois      ######..     10%         5    None
 Metabolic Englaciation   Hex/Ice        ######....   12%         5    None
 Bolt of Cold             Conj/Ice       ########..   1%          6    None
 Iron Shot                Conj/Erth      ########..   1%          6    None
 Statue Form              Tmut/Erth      #######..    5%          6    None
 Freezing Cloud           Conj/Ice/Air   #######...   6%          6    None
 Simulacrum               Ice/Necr       ######....   28%         6    None
 Ozocubu's Refrigeration  Ice            ######....   52%         6    None
 Invisibility             Hex            ######..     54%         6    None
 Shatter                  Erth           ########..   100%        9    None


Dungeon Overview and Level Annotations

Branches:
Dungeon (15/15)            Temple (0/1) D:6            Lair (6/6) D:8
  Swamp (4/4) Lair:4        Snake (4/4) Lair:2        Slime (0/5) Lair:6
    Orc (2/2) D:11            Elf (3/3) Orc:2        Vaults (2/5) D:13
 Depths (0/5) D:15
  Crypt: Vaults:2-3

Altars:
Ashenzari
Cheibriados
Dithmenos
Gozag
Kikubaaqudgha
Makhleb
Nemelex Xobeh
Qazlal
Ru
Sif Muna
Trog
Uskayaw
Vehumet
Yredelemnul
The Shining One
Beogh
Jiyva

Shops:
Orc:2 =?%?   Elf:1 !(   Snake:1 (   Vaults:1 }

Annotations:
Swamp:2 2 transporters, Wugoju's ghost, adept DrWr
Elf:2 Agnes


Message History

You feel very sick.
You feel better.
The tengu reaver hits you with a war axe of venom!!
* * * LOW HITPOINT WARNING * * *
The tengu reaver pecks you but does no damage.
The tengu reaver claws you but does no damage.
Casting: Stone Arrow (safe; 0% risk of failure)
You don't have enough magic to cast that spell.
Casting: Stone Arrow (safe; 0% risk of failure)
Okay, then.
Here: a tengu reaver, wielding a war axe of venom, wearing a runed ring mail The floor, spattered with blood.
Unknown command.
Okay, then.
Aiming: Corrosive Bolt
Aim: a tengu reaver, wielding a war axe of venom, wearing a runed ring mail and The bolt of acid misses the tengu reaver.
The tengu reaver gestures at you while chanting.
The bolt of lightning hits you!
You die...

###.......### +
#....###....# ..
#....# #....# ...
#..### ###..# ....
#..# #..# .....
#§*### ###..#
..e...#§*§§# #....#
#....)§§Q§.###>...#
#....)###@§.....###
#.... #.§.....#
#... ####'#+### #..
#'.#.#. ########.
#..#.# .......'
###'.+ ...p...#
#....# ...pD..#
##'#++ .......#
#....#


You could see a tengu reaver and a battlesphere.

Vanquished Creatures
  Vashnia (Snake:2)
  Asterion (Snake:3)
  2 deep elf blademasters
  A deep elf master archer (Elf:3)
  Agnes (Elf:2)
  Frances (Elf:1)
  Gastronok (Lair:3)
  Kirke (D:14)
  14 nagarajas
  A storm dragon (D:14)
  2 thorn hunters (Swamp:4)
  The ghost of Thaneod the Severer, an adept VSFi of Trog (Elf:3)
  The ghost of mopl the Impaler, an adept MfAK of Lugonu (Lair:2)
  Roxanne (Snake:3)
  8 deep elf sorcerers (Elf:3)
  2 vault wardens (Vaults:2)
  An orc warlord (Orc:1)
  5 deep elf elementalists (Elf:3)
  2 ironheart preservers (Vaults:2)
  A very ugly thing (Swamp:2)
  An entropy weaver (Vaults:1)
  6 deep elf demonologists (Elf:3)
  Nessos (Lair:5)
  Azrael (Snake:2)
  6 deep elf annihilators (Elf:3)
  A dire elephant (Lair:6)
  Josephine (D:15)
  9 deep elf death magi
  Snorg (D:13)
  3 fire dragons
  A yaktaur captain (Vaults:1)
  Erolcha (D:11)
  6 deep elf high priests (Elf:3)
  A vault guard (Vaults:2)
  An ice dragon (Vaults:1)
  22 hydras
  9 centaur warriors
  A great orb of eyes (Vaults:2)
  14 naga warriors
  16 anacondas
  8 shambling mangroves
  6 ghost crabs
  A death knight (D:15)
  5 ogre magi
  4 alligators
  21 two-headed ogres
  2 catoblepae
  A tengu warrior (D:15)
  3 death yaks (Lair:6)
  16 naga sharpshooters
  A vampire mage (D:15)
  Urug (Lair:6)
  32 dancing weapons
  3 orc high priests
  10 shock serpents
  Sonja (Lair:2)
  12 deep elf knights
  6 skeletal warriors
  12 spriggans
  A salamander mystic (Snake:1)
  5 unseen horrors
  A sea snake (Snake:2)
  14 swamp dragons
  2 spriggan druids (Swamp:4)
  A wizard (Vaults:1)
  2 deep trolls (Orc:1)
  A glowing orange brain (shapeshifter) (Elf:3)
  6 naga ritualists
  4 lindwurms (Lair:6)
  An orb spider (shapeshifter) (D:15)
  7 deep elf archers
  A necromancer (D:15)
  3 ironbrand convokers
  2 orc knights
  Pikel (D:5)
  5 wolf spiders
  46 deep elf magi
  4 manticores
  3 frost giant zombies (D:15)
  8 mana vipers
  A faun (Lair:6)
  5 cyclopes
  8 salamanders
  12 ugly things
  A black mamba (shapeshifter) (Vaults:2)
  2 elephants (Lair:6)
  33 black mambas
  3 vault sentinels
  24 guardian serpents
  3 centaur zombies
  23 naga magi
  4 torpor snails (Lair:6)
  2 centaur skeletons (D:14)
  17 spiny frogs
  2 gargoyles
  2 rime drakes
  A freezing wraith (Vaults:1)
  3 komodo dragons
  12 tyrant leeches
  A tengu conjurer (D:15)
  4 queen bees
  A meliai (shapeshifter) (D:14)
  6 meliai
  8 trolls
  5 polar bears
  21 hornets
  3 blink frogs (Lair:2)
  A fire dragon zombie (D:15)
  17 slime creatures
  2 dream sheep (Lair:6)
  8 bog bodies
  3 air elementals
  7 hippogriffs
  A redback (shapeshifter) (D:14)
  A centaur simulacrum (D:14)
  4 water elementals
  6 wraiths
  5 shadows
  2 wyverns
  6 fire elementals
  39 yaks
  A wyvern (shapeshifter) (Vaults:2)
  6 hogs
  A human (D:7)
  6 vampire mosquitoes (Swamp:3)
  5 basilisks
  A hungry ghost (D:12)
  A steam dragon (D:11)
  2 wargs
  Edmund (D:5)
  8 insubstantial wisps
  Menkaure (D:5)
  25 swamp worms
  Duvessa (D:4)
  8 acid dragons
  60 nagas
  9 water moccasins
  6 porcupines
  Purgy (D:3)
  17 swamp drakes
  19 orc warriors
  2 sky beasts
  5 black bears (Lair:2)
  3 ice beasts
  A black bear (shapeshifter) (D:15)
  An eye of draining (D:14)
  34 ogres
  4 boggarts (Vaults:1)
  4 slaves (D:5)
  2 phantoms
  A necrophage (D:7)
  8 centaurs
  A tengu (shapeshifter) (Vaults:1)
  23 wolves
  14 crocodiles
  4 big kobolds
  Blork the orc (D:4)
  22 bullfrogs
  A wyvern zombie (D:14)
  2 earth elementals (Elf:3)
  Dowan (D:4)
  5 scorpions
  42 killer bees
  8 howler monkeys
  8 wights
  4 electric eels
  3 bullfrog zombies
  7 crimson imps
  2 quasits (D:13)
  Crazy Yiuf (D:5)
  9 hounds
  3 gnoll shamans (D:9)
  3 bullfrog skeletons
  21 orc priests
  9 jellies
  28 orc wizards
  6 iguanas
  Jessica (D:2)
  12 worker ants
  2 hell rats (Lair:2)
  A hound skeleton (D:4)
  A worker ant zombie (D:9)
  2 howler monkey zombies
  Robin (D:3)
  12 gnolls
  10 adders
  A howler monkey skeleton (D:8)
  6 river rats (Lair:2)
  5 shadow imps
  2 worms
  A dart slug (D:2)
  7 leopard geckos
  93 orcs
  A ball python (D:3)
  7 giant cockroaches
  13 goblins
  2 hobgoblins
  12 jackals
  2 quokkas (D:4)
  8 bats
  12 frilled lizards
  A giant cockroach zombie (D:5)
  12 kobolds
  A leopard gecko zombie (D:3)
  A quokka skeleton (D:6)
  A quokka zombie (D:8)
  6 rats
  4 crawling corpses (Elf:3)
  3 fungi (D:9)
  5 plants
1442 creatures vanquished.

Vanquished Creatures (collateral kills)
  A deep elf blademaster (Elf:3)
  2 deep elf master archers (Elf:3)
  2 deep elf elementalists (Elf:3)
  A hydra (Swamp:4)
  A tengu warrior (D:15)
  3 two-headed ogres
  2 cyclopes
  A centaur zombie (D:15)
  A spiny frog (Lair:5)
  A centaur skeleton (D:14)
  A komodo dragon (Lair:1)
  An efreet (D:14)
  3 trolls (Orc:2)
  A polar bear (Lair:2)
  A hornet (Swamp:4)
  5 slime creatures (Swamp:3)
  Grinder (D:4)
  A blink frog (Lair:2)
  A bog body (Swamp:4)
  Sigmund (D:3)
  2 yaks
  2 vampire mosquitoes (Swamp:3)
  A water moccasin (Lair:6)
  A porcupine (Lair:5)
  2 swamp drakes
  3 black bears (Lair:2)
  2 ogres (Orc:2)
  3 wolves (Lair:6)
  2 crocodiles (Lair:1)
  A killer bee (D:14)
  An orc priest (Orc:2)
  An iguana (Lair:1)
  A leopard gecko (D:5)
  4 orcs
  A frilled lizard (Lair:1)
  A rat (Lair:2)
  2 fungi (Lair:6)
  2 plants
63 creatures vanquished.

Vanquished Creatures (others)
  A spiny frog (Lair:2)
  A centaur skeleton (D:14)
  A rime drake (Lair:6)
  2 hornets (Lair:6)
  A yak (D:12)
  An orc warrior (D:9)
  A sky beast (D:13)
  A wolf (Lair:1)
  An ogre (Orc:2)
  A crocodile (Lair:6)
  A killer bee (D:14)
  An electric eel (Snake:2)
  3 orc priests
  An orc wizard (Orc:2)
  A worker ant (D:13)
  A leopard gecko (Lair:1)
  4 orcs
  49 fulminant prisms
  10 fungi
  15 plants
97 creatures vanquished.

Grand Total: 1602 creatures vanquished

Notes
Turn   | Place    | Note
-------+----------+-------------------------------------------
     0 | D:1      | iamserjio the Deep Elf Wanderer began the quest for the
                  | Orb.
     0 | D:1      | iamserjio set off with: a +0 robe, a +0 dagger, a ration
     0 | D:1      | Reached XP level 1. HP: 10/10 MP: 9/9
     2 | D:1      | Learned a level 1 spell: Magic Dart
   531 | D:1      | Reached skill level 1 in Conjurations
   578 | D:1      | Reached skill level 6 in Spellcasting
   578 | D:1      | Reached XP level 2. HP: 15/15 MP: 7/11
   703 | D:1      | Reached skill level 1 in Dodging
  1101 | D:2      | Learned a level 2 spell: Blink
  1104 | D:2      | Learned a level 2 spell: Call Imp
  1167 | D:2      | Found a basalt altar of Yredelemnul.
  1434 | D:2      | Reached XP level 3. HP: 19/19 MP: 9/12
  1861 | D:2      | Noticed Jessica
  1865 | D:2      | Killed Jessica
  1865 | D:2      | Reached skill level 1 in Summonings
  1879 | D:2      | Reached XP level 4. HP: 24/24 MP: 10/14
  2137 | D:2      | Learned a level 3 spell: Mephitic Cloud
  2141 | D:2      | Learned a level 3 spell: Conjure Flame
  2144 | D:2      | Learned a level 2 spell: Sticks to Snakes
  2147 | D:2      | Learned a level 2 spell: Passwall
  2319 | D:3      | Noticed Sigmund
  2431 | D:3      | Noticed Robin
  2586 | D:3      | Killed Robin
  2590 | D:3      | Reached skill level 1 in Fire Magic
  2759 | D:3      | Found a burning altar of Makhleb.
  2759 | D:3      | Found a stormy altar of Qazlal.
  2759 | D:3      | Found a glowing golden altar of the Shining One.
  2841 | D:3      | Noticed Ijyb
  2842 | D:3      | Noticed Ijyb
  2842 | D:3      | Ijyb changed into Ijyb the killer bee
  2849 | D:3      | Killed Ijyb the killer bee
  2849 | D:3      | Reached skill level 1 in Air Magic
  2849 | D:3      | Reached XP level 5. HP: 28/28 MP: 3/15
  2962 | D:3      | Reached skill level 1 in Poison Magic
  3208 | D:3      | Noticed Purgy
  3357 | D:3      | Found a snail-covered altar of Cheibriados.
  3603 | D:4      | Reached XP level 6. HP: 31/32 MP: 11/17
  4172 | D:4      | Noticed Duvessa
  4204 | D:4      | Noticed Dowan
  4206 | D:4      | Noticed Grinder
  4339 | D:4      | Noticed Blork the orc
  4352 | D:4      | Killed Blork the orc
  4352 | D:4      | Reached skill level 5 in Conjurations
  4352 | D:4      | Reached XP level 7. HP: 29/36 MP: 6/18
  4690 | D:3      | Found a hide-covered altar of Uskayaw.
  4720 | D:3      | Killed Purgy
  4951 | D:3      | Killed Sigmund
  5116 | D:4      | Killed Duvessa
  5119 | D:4      | Killed Dowan
  5199 | D:4      | Paralysed by Grinder for 6 turns
  5215 | D:4      | Paralysed by Grinder for 2 turns
  5217 | D:4      | Killed Grinder
  5217 | D:4      | Reached skill level 1 in Fighting
  5217 | D:4      | Reached skill level 5 in Fire Magic
  5217 | D:4      | Reached XP level 8. HP: 43/43 MP: 6/19
  5411 | D:4      | Reached skill level 5 in Dodging
  5547 | D:5      | Entered Level 5 of the Dungeon
  5572 | D:5      | Noticed Pikel
  5738 | D:5      | Found a shattered altar of Ashenzari.
  5813 | D:5      | Killed Pikel
  6377 | D:5      | Found a runed door.
  6424 | D:5      | Noticed Edmund
  6575 | D:5      | Noticed Menkaure
  6584 | D:5      | Killed Menkaure
  6584 | D:5      | Reached XP level 9. HP: 49/49 MP: 7/20
  6691 | D:5      | Found a shadowy altar of Dithmenos.
  6708 | D:5      | Killed Edmund
  6898 | D:5      | Became a worshipper of Dithmenos the Shadowed
  7067 | D:5      | Found an opulent altar of Gozag.
  7070 | D:5      | Found a sparkling altar of Nemelex Xobeh.
  7128 | D:5      | Noticed Crazy Yiuf
  7133 | D:5      | Killed Crazy Yiuf
  7236 | D:6      | Found a staircase to the Ecumenical Temple.
  7356 | D:6      | Found a deep blue altar of Sif Muna.
  7365 | D:6      | Reached skill level 1 in Evocations
  7373 | D:6      | Found a radiant altar of Vehumet.
  7376 | D:6      | Identified Vehumet's Grimoire of Confrontation
  7383 | D:6      | Found an ancient bone altar of Kikubaaqudgha.
  7620 | D:6      | Reached * piety under Dithmenos
  8394 | D:7      | Reached skill level 10 in Conjurations
  8862 | D:7      | Reached XP level 10. HP: 56/56 MP: 7/21
  9239 | D:7      | Reached ** piety under Dithmenos
  9335 | D:7      | Reached skill level 1 in Invocations
  9859 | D:8      | Noticed a two-headed ogre
  9891 | D:8      | Killed a two-headed ogre
 10430 | D:8      | Learned a level 3 spell: Stone Arrow
 10613 | D:9      | Got a fine silver amulet
 10973 | D:9      | Identified the amulet "Epyoku" {+Rage rElec Dex+4} (You
                  | found it on level 9 of the Dungeon)
 10995 | D:9      | Reached skill level 1 in Earth Magic
 11002 | D:9      | Reached *** piety under Dithmenos
 11122 | D:9      | Reached skill level 1 in Translocations
 12092 | D:8      | Learned a level 1 spell: Animate Skeleton
 12454 | D:8      | Found a staircase to the Lair.
 12826 | D:9      | Reached **** piety under Dithmenos
 12826 | D:9      | Reached skill level 1 in Necromancy
 12829 | D:9      | Reached XP level 11. HP: 47/60 MP: 6/22
 13279 | D:9      | Reached skill level 10 in Dodging
 13520 | D:10     | Entered Level 10 of the Dungeon
 13707 | D:10     | Noticed a centaur warrior
 14491 | D:10     | Killed a centaur warrior
 14938 | D:11     | Noticed Erolcha
 14965 | D:11     | Killed Erolcha
 14969 | D:11     | Noticed a two-headed ogre
 15431 | D:11     | Found a staircase to the Orcish Mines.
 15708 | D:11     | Killed a two-headed ogre
 15708 | D:11     | Reached skill level 7 in Spellcasting
 16785 | D:12     | Reached skill level 5 in Earth Magic
 16946 | D:12     | Reached ***** piety under Dithmenos
 17364 | D:12     | Killed an unseen horror
 17364 | D:12     | Reached skill level 8 in Spellcasting
 17832 | D:13     | Noticed a two-headed ogre
 17833 | D:13     | Found a gate to the Vaults.
 17833 | D:13     | Noticed a two-headed ogre
 17862 | D:13     | Noticed a brown ugly thing
 17868 | D:13     | Killed a brown ugly thing
 17961 | D:13     | Noticed Snorg
 18108 | D:13     | Reached XP level 12. HP: 46/64 MP: 1/26
 18269 | D:13     | Noticed a centaur warrior
 18286 | D:13     | Killed a centaur warrior
 18286 | D:13     | Reached skill level 9 in Spellcasting
 19067 | D:13     | Noticed an ogre mage
 19072 | D:13     | Killed a two-headed ogre
 19073 | D:13     | Killed an ogre mage
 19294 | D:13     | Killed Snorg
 19294 | D:13     | Reached skill level 10 in Spellcasting
 19534 | D:13     | Killed a two-headed ogre
 19556 | D:13     | Got an ichor-stained whip
 19611 | D:13     | Learned a level 3 spell: Regeneration
 19615 | D:13     | Learned a level 3 spell: Ozocubu's Armour
 19620 | D:13     | Learned a level 4 spell: Throw Icicle
 19676 | D:14     | Reached skill level 11 in Spellcasting
 19676 | D:14     | Reached skill level 1 in Charms
 19801 | D:14     | Noticed Kirke
 19998 | D:14     | Noticed a two-headed ogre
 20012 | D:14     | Killed a two-headed ogre
 20066 | D:14     | Reached skill level 12 in Spellcasting
 20215 | D:14     | Noticed a centaur warrior
 20228 | D:14     | Killed a centaur warrior
 20512 | D:14     | Reached skill level 5 in Fighting
 20596 | D:14     | Noticed a five-headed hydra
 20606 | D:14     | Killed a five-headed hydra
 20746 | D:14     | Noticed a centaur warrior
 21413 | D:14     | Killed Kirke
 21413 | D:14     | Reached XP level 13. HP: 56/76 MP: 22/31
 21922 | D:14     | Noticed a frost giant
 22264 | Orc:1    | Entered Level 1 of the Orcish Mines
 22462 | Orc:1    | Learned a level 3 spell: Vampiric Draining
 22463 | Orc:2    | Entered Level 2 of the Orcish Mines
 22463 | Orc:2    | Found Erojef's Magic Scroll Shop.
 22463 | Orc:2    | Found Hicysh's Magic Scroll Boutique.
 22463 | Orc:2    | Found Ymopoefu's Jewellery Boutique.
 22690 | Orc:1    | Learned a level 1 spell: Apportation
 23165 | Orc:2    | Found a roughly hewn altar of Beogh.
 23280 | Orc:2    | Reached skill level 15 in Conjurations
 23280 | Orc:2    | Noticed an orc warlord
 23448 | Orc:1    | Killed an orc warlord
 23701 | Orc:2    | Reached ****** piety under Dithmenos
 24176 | Orc:2    | Reached skill level 13 in Spellcasting
 24472 | Orc:2    | Found Pymu's Food Emporium.
 24627 | Orc:2    | Bought a scroll of holy word for 112 gold pieces
 24627 | Orc:2    | Bought a scroll of teleportation for 45 gold pieces
 24627 | Orc:2    | Bought a scroll of torment for 112 gold pieces
 24627 | Orc:2    | Bought a scroll of immolation for 52 gold pieces
 24646 | Orc:2    | Bought a scroll of identify for 24 gold pieces
 24646 | Orc:2    | Bought 2 scrolls of teleportation for 72 gold pieces
 24646 | Orc:2    | Bought a scroll of teleportation for 36 gold pieces
 24646 | Orc:2    | Bought a scroll of fear for 42 gold pieces
 24947 | Orc:2    | Found a staircase to the Elven Halls.
 25143 | Orc:2    | Reached XP level 14. HP: 86/86 MP: 5/33
 25298 | Orc:2    | Found a roughly hewn altar of Beogh.
 25461 | Orc:2    | Bought an uncursed amulet of magic regeneration for 300
                  | gold pieces
 25461 | Orc:2    | Bought an uncursed ring of poison resistance for 200 gold
                  | pieces
 25469 | Orc:2    | Bought a scroll of identify for 30 gold pieces
 25475 | Orc:2    | Bought an uncursed ring of protection from magic for 250
                  | gold pieces
 25592 | Lair:1   | Entered Level 1 of the Lair of Beasts
 25668 | Lair:1   | Learned a level 4 spell: Animate Dead
 26167 | Lair:1   | Reached skill level 14 in Spellcasting
 27260 | Lair:2   | Found a runed gate.
 27261 | Lair:2   | Found a runed gate.
 27262 | Lair:2   | Found a runed gate.
 27265 | Lair:2   | Noticed mopl's ghost (adept MfAK)
 27651 | Lair:2   | Reached skill level 10 in Fighting
 27787 | Lair:2   | Noticed Sonja
 27790 | Lair:2   | Killed Sonja
 27930 | Lair:2   | Found a staircase to the Snake Pit.
 28718 | Lair:3   | Noticed Gastronok
 28727 | Lair:3   | Killed Gastronok
 28727 | Lair:3   | Reached skill level 15 in Spellcasting
 30203 | Lair:4   | Reached skill level 16 in Spellcasting
 30247 | Lair:4   | Found a staircase to the Swamp.
 30786 | Lair:5   | Noticed Nessos
 30790 | Lair:5   | Killed Nessos
 31530 | Lair:6   | Entered Level 6 of the Lair of Beasts
 31604 | Lair:6   | Noticed Urug
 31608 | Lair:6   | Killed Urug
 31640 | Lair:6   | Identified a scroll of acquirement
 32289 | Lair:6   | Found a viscous altar of Jiyva.
 32289 | Lair:6   | Found a staircase to the Slime Pits.
 32975 | Lair:6   | Reached XP level 15. HP: 81/92 MP: 20/37
 33376 | Lair:6   | Found a runed door.
 34589 | Lair:2   | Killed mopl's ghost
 34859 | D:14     | Noticed a storm dragon
 34871 | D:14     | Killed a storm dragon
 35666 | D:14     | Learned a level 4 spell: Fulminant Prism
 35667 | D:15     | Entered Level 15 of the Dungeon
 35942 | D:15     | Noticed Josephine
 35960 | D:15     | Killed Josephine
 36637 | D:15     | Found a staircase to the Depths.
 36951 | D:15     | Found a sacrificial altar of Ru.
 36982 | D:15     | Learned a level 5 spell: Lee's Rapid Deconstruction
 37105 | Elf:1    | Entered Level 1 of the Elven Halls
 37110 | Elf:1    | Reached skill level 1 in Hexes
 37485 | Elf:1    | Noticed Frances
 37923 | Elf:1    | Found Lick's Distillery.
 38241 | Elf:2    | Noticed Agnes
 38578 | Elf:1    | Bought a potion of magic for 88 gold pieces
 38743 | Elf:1    | Found Woima's Antique Weapon Shop.
 38763 | Elf:1    | Reached XP level 16. HP: 71/101 MP: 18/38
 39034 | Elf:1    | Killed Frances
 39443 | Elf:2    | Killed Agnes
 39582 | Elf:2    | Reached skill level 1 in Shields
 39685 | Elf:2    | Found a runed gate.
 39685 | Elf:2    | Found a runed gate.
 39685 | Elf:2    | Found a runed gate.
 39823 | Elf:3    | Entered Level 3 of the Elven Halls
 40014 | Elf:3    | Found a runed gate.
 40022 | Elf:3    | Found a runed gate.
 40022 | Elf:3    | Found a runed gate.
 40022 | Elf:3    | Noticed Thaneod's ghost (adept VSFi)
 40314 | Elf:3    | Got a flickering ruby amulet
 41219 | Elf:3    | Noticed a deep elf blademaster
 41811 | Elf:3    | Noticed a deep elf master archer
 41854 | Elf:3    | Killed a deep elf master archer
 41923 | Elf:3    | Noticed a deep elf master archer
 41950 | Elf:3    | Killed a deep elf master archer
 42271 | Elf:3    | Got a transparent long sword {slice}
 42696 | Elf:3    | Reached skill level 15 in Dodging
 42733 | Elf:3    | Noticed a Brimstone Fiend
 42952 | Elf:3    | Reached XP level 17. HP: 110/110 MP: 27/39
 43287 | Elf:3    | Noticed a deep elf blademaster
 43295 | Elf:3    | Killed a deep elf blademaster
 43295 | Elf:3    | Noticed a Hell Sentinel
 43404 | Elf:3    | Noticed a deep elf master archer
 43667 | Elf:3    | Noticed an Ice Fiend
 44270 | Elf:3    | Killed a deep elf master archer
 44406 | Elf:3    | Killed a deep elf blademaster
 44524 | Elf:3    | Identified the amulet "Quant" {Spirit rF++ Str+4 Int+3
                  | Stlth-} (You found it on level 3 of the Elven Halls)
 44546 | Elf:3    | Identified the +9 whip of Dissolution {drain, +Blink +Inv
                  | rF- Str+2} (You found it on level 13 of the Dungeon)
 44547 | Elf:3    | Identified the +7 long sword of Kullaem {slice, Dex+3} (You
                  | took it off a deep elf sorcerer on level 3 of the Elven
                  | Halls)
 44693 | Elf:3    | Identified Meitu's Compendium of Displacement and Attacks
 44852 | Elf:3    | Got a jewelled leather armour
 44864 | Elf:3    | Identified the Collected Works on Conjuration and the
                  | Snowflakes
 44874 | Elf:3    | Learned a level 7 spell: Orb of Destruction
 45045 | Elf:3    | Identified the cursed +0 leather armour "Zarohy" {+Blink
                  | Dex-2 Slay+5 Stlth+} (You took it off a deep elf death mage
                  | on level 3 of the Elven Halls)
 45315 | Elf:3    | Killed Thaneod's ghost
 45702 | Orc:2    | Bought a scroll of remove curse for 36 gold pieces
 45702 | Orc:2    | Bought a scroll of remove curse for 36 gold pieces
 45858 | Elf:3    | Got a pair of smoking boots
 46005 | Elf:3    | Identified the +3 pair of boots "Enykoxtah" {*Slow MR+
                  | Str+3} (You found it on level 3 of the Elven Halls)
 46087 | Elf:1    | Bought a potion of cancellation for 88 gold pieces
 46087 | Elf:1    | Bought a potion of magic for 88 gold pieces
 46087 | Elf:1    | Bought a potion of haste for 110 gold pieces
 46087 | Elf:1    | Bought a potion of resistance for 110 gold pieces
 46087 | Elf:1    | Bought 2 potions of haste for 220 gold pieces
 46087 | Elf:1    | Bought a potion of experience for 550 gold pieces
 46087 | Elf:1    | Reached skill level 17 in Spellcasting
 46087 | Elf:1    | Reached XP level 18. HP: 116/116 MP: 41/41
 47735 | D:9      | Learned a level 4 spell: Passage of Golubria
 47896 | Swamp:1  | Entered Level 1 of the Swamp
 48847 | Swamp:1  | Reached skill level 18 in Spellcasting
 49426 | Swamp:2  | Found a transporter.
 49431 | Swamp:2  | Noticed Wugoju's ghost (adept DrWr)
 49652 | Swamp:2  | Found a transporter.
 49892 | Swamp:2  | Reached skill level 5 in Necromancy
 50079 | Swamp:2  | Reached XP level 19. HP: 121/121 MP: 43/43
 51181 | Swamp:4  | Entered Level 4 of the Swamp
 52801 | Swamp:4  | Reached skill level 19 in Spellcasting
 53390 | Swamp:3  | Learned a level 2 spell: Sublimation of Blood
 54155 | Swamp:4  | Identified the +10 war axe of Focus {antimagic, MR++ SInv}
                  | (You found it on level 4 of the Swamp)
 54298 | Swamp:4  | Got a decaying rune of Zot
 54830 | Snake:1  | Entered Level 1 of the Snake Pit
 55458 | Snake:1  | Reached skill level 20 in Spellcasting
 55682 | Snake:1  | Found Hoskar's Antique Weapon Shoppe.
 56175 | Snake:2  | Reached skill level 5 in Evocations
 56298 | Snake:2  | Noticed Vashnia
 56687 | Snake:2  | Noticed Azrael
 56693 | Snake:2  | Killed Azrael
 57236 | Snake:2  | Killed Vashnia
 57457 | Snake:2  | Learned a level 1 spell: Summon Butterflies
 57463 | Snake:2  | Learned a level 5 spell: Dispel Undead
 57641 | Snake:2  | Reached XP level 20. HP: 127/127 MP: 18/46
 58131 | Snake:2  | Reached skill level 10 in Evocations
 58427 | Snake:2  | Got a transparent chain mail
 58667 | Snake:3  | Noticed Roxanne
 58671 | Snake:3  | Noticed Asterion
 58673 | Snake:3  | Found a bloodstained altar of Trog.
 58673 | Snake:3  | Killed Roxanne
 58695 | Snake:3  | HP: 3/127 [Executioner[Asterion] (4)]
 59935 | Snake:3  | Killed Asterion
 59949 | Snake:3  | Identified Roxanne's Almanac of Stones (You took it off
                  | Roxanne on level 3 of the Snake Pit)
 60131 | Snake:4  | Entered Level 4 of the Snake Pit
 63461 | Snake:4  | Reached skill level 21 in Spellcasting
 63583 | Snake:4  | Reached skill level 10 in Earth Magic
 63844 | Snake:4  | Got a serpentine rune of Zot
 64233 | Vaults:1 | Entered Level 1 of the Vaults
 64949 | Vaults:1 | Found Peteuh's Gadget Boutique.
 65668 | Vaults:1 | Reached XP level 21. HP: 132/132 MP: 46/48
 66569 | Vaults:1 | Bought a wand of paralysis (13) for 255 gold pieces
 67047 | Vaults:2 | Identified the ring "Kestres" {Str+3 Stlth+} (You acquired
                  | it on level 2 of the Vaults)
 67384 | Vaults:2 | HP: 6/132 [tengu reaver/war axe of venom (23)]
 67385 | Vaults:2 | Killed from afar by a tengu reaver

Vault maps used:
D:1:      ncdulo_lavacross
D:2:      nicolae_overflow_hidden_temple, serial_corexii_hall,
          corexii_hall_statues_s, corexii_hall_statues_i, uniq_jessica
D:3:      lemuel_coloured_pillars_altar, gammafunk_temple_overflow_forgotten,
          marbit_many_paths, first_ration, uniq_robin, uniq_sigmund, uniq_purgy,
          uniq_ijyb
D:4:      corner_web_ring, uniq_duvessa, uniq_grinder, uniq_blork_the_orc
D:5:      grunt_temple_overflow_opulence, grunt_dithmenos_shadows,
          nicolae_ashenzari_panopticon, uniq_crazy_yiuf_cottage, uniq_edmund,
          uniq_menkaure, uniq_pikel
D:6:      palyth_temple_overflow_mages, minmay_temple_entry_overgrown,
          kennysheep_small_square
D:7:      grunt_livestock
D:8:      lair_entry_dummy, lemuel_another_geyser
D:9:      kennysheep_seaside_town, hangedman_decor_riveting, minmay_checkerbox
D:10:     small_chamber_with_monster, roderic_nine_men_s_morris
D:11:     hiddenorc2_lemuel, hangedman_decor_slide_cut, minmay_variable_closet,
          minmay_misc_feat_alley, uniq_erolcha
D:12:     minmay_four_partial_circles
D:13:     david_vaults_2, nrook_loot_triangle, uniq_snorg
D:14:     regret_index_wax_grids, minmay_strange_pillars, uniq_kirke
D:15:     gammafunk_depths_entry_grave, nicolae_ru_the_path_less_chosen,
          uniq_josephine
Lair:1:   lemuel_reptile_caves, minivault_27, serial_bayou_pond_a, worms_lemuel
Lair:2:   beast_lair_carwin_large_3, minmay_snake_entry_guardpost_large,
          gammafunk_ghost_split, kennysheep_rathole, uniq_sonja
Lair:3:   uniq_gastronok
Lair:4:   nicolae_swamp_entry_splash_gauntlet
Lair:5:   serial_bayou_shore_a, grunt_megastairs_4, uniq_nessos
Lair:6:   hangedman_lair_in_review, wormcave, dpeg_slime_entry_enclosed_altar,
          special_room, grunt_forest_large_clearings, uniq_urug
Swamp:1:  evilmike_swamp_ruin_house_1, infiniplex_staircase_pool
Swamp:2:  gammafunk_ghost_mausoleum, evilmike_swamp_ruin_rubble_1
Swamp:3:  nicolae_swamp_stair_fork, swamp_pool3
Swamp:4:  swamp_basic_johnstein
Snake:1:  serial_shops, nicolae_shop_crystal, grunt_ministairs_6
Snake:2:  nicolae_cobra_stairs, st_stairs_13, stair_cage_open,
          guppyfry_snake_island, lemuel_fruit_tree, uniq_vashnia, uniq_azrael
Snake:3:  basic_altar, serial_bayou_shore_b, uniq_roxanne, uniq_asterion
Snake:4:  grunt_snake_rune_serpentine_throne, grunt_ministairs_4, st_stairs_9,
          nicolae_large_snake_swirl, serial_bayou_shore_b
Orc:2:    st_orc_open, basic_altar, minmay_orc_temple_c
Elf:1:    eino_elf_arrival_sip, serial_shops, shop, nicolae_shop_stone,
          minivault_28, uniq_frances
Elf:2:    uniq_agnes
Elf:3:    nooodl_elf_gasket, gammafunk_ghost_split, minmay_misc_feat_rows
Vaults:1: hangedman_vaults_variations, grunt_vaults_hallway_short, v_pattern_1,
          ontoclasm_vaults_claustrophobia, v_misc_12, v_misc_5,
          hangedman_vaults_maws, vaults_mumra_chevron, v_misc_29,
          nicolae_vaults_ring_of_whatevers, ontoclasm_vaults_decontamination,
          serial_shops, nicolae_shop_statue_plus
Vaults:2: v_alt_pattern_1, hangedman_vaults_impose, nicolae_vaults_minivaults,
          grunt_vaults_diagonal, nicolae_vaults_little_ls,
          dpeg_vaults_monster_box, hangedman_vaults_stretched_pinwheel,
          nicolae_vaults_theta, ontoclasm_vaults_hangar,
          nicolae_vaults_sealed_display, v_misc_22, v_misc_18,
          vaults_room_grunt_arrival_ludios, vaults_room_corners, v_misc_27,
          vaults_dpeg_encased_lava

Skill      XL: |  1  2  3  4  5  6  7  8  9 10 11 12 13 14 15 16 17 18 19 20 21 |
---------------+----------------------------------------------------------------+-----
Conjurations   | 1 2 3 4 5 6 8 10 12 14 15 16 17 18 19 20 | 20.0
Spellcasting   | 6 8 12 13 16 17 18 20 21 | 21.8
Dodging        | 1 2 3 4 6 8 9 11 12 13 14 15 | 15.0
Summonings     | 1 |  1.2
Fire Magic     | 1 2 4 5 6 |  6.0
Air Magic      | 1 |  1.0
Poison Magic   | 1 |  1.1
Fighting       | 1 2 3 7 9 10 12 13 14 | 14.0
Evocations     | 2 3 9 12 | 12.0
Invocations    | 2 3 |  3.0
Earth Magic    | 3 5 7 11 12 | 12.0
Translocations | 1 3 |  3.0
Necromancy     | 1 2 5 6 |  6.0
Charms         | 1 |  1.9
Hexes          | 2 |  2.0
Shields        | 4 |  4.0
Transmutations | 4 |  4.0
Throwing       | |  1.0
Stealth        | |  1.2
Ice Magic      | |  2.1

Action                   |  1- 3 |  4- 6 |  7- 9 | 10-12 | 13-15 | 16-18 | 19-21 || total
-------------------------+-------+-------+-------+-------+-------+-------+-------++-------
Melee: Dagger            |     7 |     8 |     9 |     3 |       |       |       ||    27
       Quarterstaff      |       |       |    10 |     2 |       |       |       ||    12
       Long sword        |       |       |       |   199 |   138 |    10 |       ||   347
       Staff             |       |       |       |       |       |     1 |    25 ||    26
       Quick blade       |       |       |       |       |       |       |    21 ||    21
 Cast: Magic Dart        |    74 |   149 |   321 |   358 |       |       |       ||   902
       Call Imp          |       |     2 |    16 |       |       |       |       ||    18
       Conjure Flame     |       |     4 |    13 |    15 |    21 |       |     3 ||    56
       Mephitic Cloud    |       |       |     6 |    10 |    21 |     2 |     1 ||    40
       Stone Arrow       |       |       |       |   307 |   829 |   198 |   302 ||  1636
       Animate Skeleton  |       |       |       |    24 |    34 |       |    15 ||    73
       Sticks to Snakes  |       |       |       |     3 |    21 |    61 |       ||    85
       Blink             |       |       |       |     2 |     6 |     5 |     3 ||    16
       Regeneration      |       |       |       |     2 |     9 |    20 |     3 ||    34
       Animate Dead      |       |       |       |       |    29 |     1 |     8 ||    38
       Ozocubu's Armour  |       |       |       |       |     3 |     6 |     1 ||    10
       Lee's Rapid Decon |       |       |       |       |       |    67 |     4 ||    71
       Fulminant Prism   |       |       |       |       |       |    49 |     2 ||    51
       Orb of Destructio |       |       |       |       |       |   104 |   532 ||   636
       Passage of Golubr |       |       |       |       |       |       |     3 ||     3
Evoke: Wand              |       |     5 |    20 |    50 |    20 |     4 |    16 ||   115
       Lamp of fire      |       |       |       |       |     1 |     1 |       ||     2
       Phial of floods   |       |       |       |       |     1 |     1 |     1 ||     3
       Phantom mirror    |       |       |       |       |       |     1 |       ||     1
       Staff of energy   |       |       |       |       |       |       |    29 ||    29
  Use: Potion            |     3 |       |       |     1 |     3 |     8 |    10 ||    25
       Scroll            |       |     3 |     6 |     9 |    32 |    14 |    17 ||    81
 Stab: Sleeping          |       |       |       |     1 |     1 |       |       ||     2
       Paralysed         |       |       |       |     1 |       |       |       ||     1
       Distracted        |       |       |       |     3 |     2 |     1 |       ||     6
       Betrayed ally     |       |       |       |     1 |       |       |       ||     1
       Invisible         |       |       |       |       |       |     1 |       ||     1
  Eat: Chunk             |     3 |     6 |    14 |    36 |    29 |     5 |    11 ||   104
       Ration            |       |       |       |     1 |     8 |     8 |    13 ||    30
Armor: Robe              |     1 |     6 |    44 |    70 |    93 |    14 |    85 ||   313
       Leather armour    |       |       |       |       |       |     1 |       ||     1
Dodge: Dodged            |    17 |    31 |   105 |   374 |   484 |   120 |   421 ||  1552
Block: Buckler           |       |       |       |       |       |    19 |   178 ||   197
       Rpst.: Long sword |       |       |       |    77 |   113 |     4 |       ||   194

Table legend:
 A = Non-vault XP
 B = Vault XP
 C = Vault XP percentage of total XP
 D = Non-vault monster count
 E = Vault monster count
 F = Vault count percentage of total count
                 A         B        C        D         E       F
            +---------+---------+-------+---------+---------+-------
      Total |  240680 |  293022 |  54.9 |     835 |     665 |  44.3
            +---------+---------+-------+---------+---------+-------
        D:1 |      20 |       0 |   0.0 |      12 |       0 |   0.0
        D:2 |      59 |      37 |  38.5 |      20 |       1 |   4.8
        D:3 |     113 |     413 |  78.5 |      15 |      17 |  53.1
        D:4 |     568 |     496 |  46.6 |      16 |       4 |  20.0
        D:5 |     429 |     975 |  69.4 |      15 |       5 |  25.0
        D:6 |     838 |     319 |  27.6 |      24 |       8 |  25.0
        D:7 |    1135 |     789 |  41.0 |      18 |       5 |  21.7
        D:8 |    2672 |       0 |   0.0 |      34 |       0 |   0.0
        D:9 |     930 |    1898 |  67.1 |      21 |      28 |  57.1
       D:10 |    1093 |     791 |  42.0 |      14 |       1 |   6.7
       D:11 |    3026 |     899 |  22.9 |      18 |      32 |  64.0
       D:12 |     861 |    2103 |  71.0 |      13 |       9 |  40.9
       D:13 |    3448 |    3548 |  50.7 |      21 |       6 |  22.2
       D:14 |    8450 |   13259 |  61.1 |      39 |      53 |  57.6
       D:15 |   11576 |    5339 |  31.6 |      28 |      12 |  30.0
     Lair:1 |    3833 |    1854 |  32.6 |      27 |      33 |  55.0
     Lair:2 |    2461 |    6056 |  71.1 |      15 |      30 |  66.7
     Lair:3 |    3376 |    1800 |  34.8 |      16 |       1 |   5.9
     Lair:4 |    5808 |     732 |  11.2 |      17 |       5 |  22.7
     Lair:5 |    3173 |    1183 |  27.2 |      13 |       2 |  13.3
     Lair:6 |    3188 |   19947 |  86.2 |      15 |      77 |  83.7
    Swamp:1 |   11251 |       0 |   0.0 |      30 |       0 |   0.0
    Swamp:2 |   13692 |       0 |   0.0 |      33 |       0 |   0.0
    Swamp:3 |   13274 |       0 |   0.0 |      36 |       0 |   0.0
    Swamp:4 |   17199 |   20693 |  54.6 |      36 |      34 |  48.6
    Snake:1 |   17458 |    1109 |   6.0 |      39 |       2 |   4.9
    Snake:2 |   20359 |   25354 |  55.5 |      36 |      29 |  44.6
    Snake:3 |   11958 |    4503 |  27.4 |      27 |       2 |   6.9
    Snake:4 |   16443 |   44849 |  73.2 |      33 |      68 |  67.3
      Orc:1 |    1760 |    3862 |  68.7 |      13 |       5 |  27.8
      Orc:2 |    2885 |   12063 |  80.7 |      29 |      65 |  69.1
      Elf:1 |   10842 |    8486 |  43.9 |      19 |      15 |  44.1
      Elf:2 |    8693 |   24316 |  73.7 |      16 |      28 |  63.6
      Elf:3 |   13056 |   67325 |  83.8 |      28 |      57 |  67.1
   Vaults:1 |   13073 |   14764 |  53.0 |      35 |      26 |  42.6
   Vaults:2 |   11680 |    3260 |  21.8 |      14 |       5 |  26.3
            +---------+---------+-------+---------+---------+-------
